 Dungeon Crawl Stone Soup version 0.31-a0-640-g39d97e502b (webtiles) character file.

Game seed: 5880051724868106316

291 qw the Shooter (level 6, -3/38 HPs)
             Began as a Gargoyle Hunter on Aug 27, 2023.
             Slain by an ice beast (9 damage)
             ... on level 5 of the Dungeon.
             The game lasted 00:01:10 (3383 turns).

qw the Shooter (Gargoyle Hunter)                    Turns: 3383, Time: 00:01:10

Health: -3/38      AC: 10    Str: 15    XL:     6   Next: 32%
Magic:  6/6        EV: 11    Int:  9    God:
Gold:   169        SH:  0    Dex: 21    Spells: 5/5 levels left

rFire   . . .        Y - +1 shortbow
rCold   . . .        (shield currently unavailable)
rNeg    + . .        h - +0 ring mail
rPois   inf          k - +0 helmet
rElec   +            (no cloak)
rCorr   .            (no gloves)
SInv    .            (no boots)
Will    .....        (no amulet)
Stlth   +            g - +6 ring of dexterity
HPRegen 0.26/turn    (no ring)
MPRegen 0.10/turn

%: no passive effects
@: no status effects
A: sickness immunity, AC +4, negative energy resistance 1, electricity
resistance, torment resistance 1, petrification resistance
a: no special abilities


You were on level 5 of the Dungeon.
You visited 1 branch of the dungeon, and saw 5 of its levels.

You collected 169 gold pieces.


Innate Abilities, Weirdness & Mutations

You are immune to sickness and miasma.
Your stone body is resilient. (AC +4)
You are immune to poison.
You resist negative energy. (rN+)
You are resistant to electric shocks. (rElec)
You are resistant to unholy torment.
You are immune to petrification.


   Skills:
 - Level 4.0 Fighting
 + Level 6.1 Ranged Weapons
 - Level 2.1 Armour
 - Level 2.0 Dodging
 - Level 1.1 Stealth


You had 5 spell levels left.
You didn't know any spells.
Your spell library was empty.

Inventory:

Hand Weapons
 Y - a +1 shortbow (weapon)
Armour
 h - a +0 ring mail (worn)
 k - a +0 helmet (worn)
Jewellery
 f - a ring of fire
 g - a +6 ring of dexterity (left hand)
Scrolls
 j - a scroll of identify
Potions
 a - a potion of curing
 d - a potion of lignification {unknown}
 i - a potion of berserk rage {unknown}

Dungeon Overview and Level Annotations

Branches:
Dungeon (5/15)
 Temple: D:4-7

Altars:
Dithmenos
Gozag

Shops:
D:3 (


Message History

As you read the scroll of identify, it crumbles to dust.
c - a potion of invisibility;
3357 ||| IDENTIFYING golden potion Done exploring.
3358 ||| DROPPING potion of invisibility.
You drop a potion of invisibility.
Done exploring.
3359 ||| DROPPING 2 potions of attraction.
You drop 2 potions of attraction.
Done exploring.
What level of the Dungeon? (default 4, ? - help)
There is a stone staircase leading down here.
You climb downwards.
Found a stone staircase leading up.
There is a stone staircase leading up here.
Waypoint 4 assigned to D:5.
Found a stone staircase leading up.
A white imp and 2 ice beasts come into view.
The ice beast is attracted toward you. The white imp is attracted toward you.
The ice beast is attracted toward you.
3376 ||| RETREATING.
The ice beast is attracted toward you. The white imp is attracted toward you.
The ice beast is attracted toward you.
3377 ||| Stepping ~*~*~tactically~*~*~ (retreating).
The white imp shouts!
The ice beast is attracted toward you.
3378 ||| Stepping ~*~*~tactically~*~*~ (retreating).
The ice beast is attracted toward you. x2
The white imp is attracted toward you.
You feel less attractive to monsters.
3379 ||| Stepping ~*~*~tactically~*~*~ (retreating).
You shoot an arrow. The arrow closely misses the ice beast.
The ice beast hits you. The ice beast freezes you!
The ice beast hits you but does no damage. x2
3381 ||| Stepping ~*~*~tactically~*~*~ (retreating).
You shoot an arrow. The arrow barely misses the ice beast.
The ice beast hits you. The ice beast freezes you!
The ice beast hits you but does no damage.
You shoot an arrow. The arrow hits the ice beast.
The ice beast is lightly wounded.
The ice beast hits you. The ice beast freezes you!
You die...

........## .........#
.....<...##
..........#
........ยค.#
..........#
..........###
...........Y#######
.........#5Y@.....###
........#####...<...#
........# #.<.......
.......## #.........
...... #.........
....# #......... ....
..........
###........ ####...#.


You could see 2 ice beasts and a white imp.

Vanquished Creatures
  2 jellies (D:4)
  2 orc priests (D:4)
  4 gnolls (D:4)
  6 adders
  A worm (D:2)
  4 dart slugs
  An orc (D:4)
  6 bats
  5 endoplasms
  2 giant cockroaches
  3 goblins
  6 hobgoblins
  8 jackals
  2 quokkas (D:4)
  9 ball pythons
  3 frilled lizards
  7 kobolds
  4 rats
75 creatures vanquished.

Notes
Turn   | Place    | Note
-------+----------+-------------------------------------------
     0 | D:1      | qw the Gargoyle Hunter began the quest for the Orb.
     0 | D:1      | Reached XP level 1. HP: 12/12 MP: 1/1
     0 | D:1      | 0 ||| qw: Version: 0.3-a-74-g0d5e918
     0 | D:1      | 0 ||| qw: Game counter: 27
     0 | D:1      | 0 ||| qw: Melee chars always use a shield: true
     0 | D:1      | 0 ||| qw: God list: Okawaru
     0 | D:1      | 0 ||| qw: Allow faded altars: false
     0 | D:1      | 0 ||| qw: Do Orc after clearing Dungeon:15 true
     0 | D:1      | 0 ||| qw: Do second Lair branch before Depths: true
     0 | D:1      | 0 ||| qw: Lair rune preference: random
     0 | D:1      | 0 ||| qw: Goals: Normal
     0 | D:1      | 0 ||| PLANNING D:1-11
   173 | D:1      | Reached XP level 2. HP: 17/17 MP: 2/2
   410 | D:1      | 410 ||| Stepping ~*~*~tactically~*~*~ (water).
   681 | D:1      | 681 ||| UPGRADING to +6 ring of dexterity.
   682 | D:1      | 682 ||| READING scroll labelled XORANL PUKK.
   683 | D:1      | 683 ||| READING scroll labelled QIMEETHAIL.
   684 | D:1      | 684 ||| READING scroll labelled BYHIR VUOPYRU.
   688 | D:1      | 688 ||| READING scroll labelled USOJOFOLES.
   689 | D:1      | 689 ||| READING scroll labelled MOIROI ZEJIEZ.
   690 | D:1      | 690 ||| DROPPING scroll of butterflies.
   732 | D:2      | Reached skill level 5 in Ranged Weapons
   732 | D:2      | Reached XP level 3. HP: 18/21 MP: 3/3
   850 | D:2      | Found a faded altar of an unknown god.
  1419 | D:2      | 1419 ||| READING scroll labelled OSHERGH WIKUEHA.
  1443 | D:3      | Reached skill level 3 in Fighting
  1588 | D:3      | Found Xeuxtab's Weapon Boutique.
  1594 | D:3      | Reached XP level 4. HP: 28/28 MP: 4/4
  1638 | D:3      | 1638 ||| SHOPLISTING +3 shortbow of electrocution (245
                  | gold, have 108).
  2212 | D:3      | 2212 ||| UPGRADING to +0 ring mail.
  2222 | D:3      | 2222 ||| DROPPING +0 leather armour.
  2223 | D:3      | 2223 ||| UPGRADING to +0 helmet.
  2262 | D:4      | Found a shadowy altar of Dithmenos.
  2267 | D:4      | Reached XP level 5. HP: 32/32 MP: 5/5
  2328 | D:4      | HP: 7/32 [orc priest/+0 flail (9)]
  2329 | D:4      | 2329 ||| READING 2 scrolls of teleportation.
  2332 | D:4      | Reached skill level 6 in Ranged Weapons
  2333 | D:4      | 2333 ||| READING scroll of teleportation.
  2466 | D:4      | Found an opulent altar of Gozag.
  2697 | D:4      | Reached XP level 6. HP: 30/38 MP: 6/6
  3352 | D:4      | 3352 ||| DROPPING ring of wizardry.
  3353 | D:4      | 3353 ||| READING scroll labelled ETUPSA QOPETA.
  3354 | D:4      | 3354 ||| READING scroll labelled NUCUUD KAUROYMN.
  3355 | D:4      | 3355 ||| DRINKING 3 fizzy inky potions.
  3356 | D:4      | 3356 ||| READING 3 scrolls of identify.
  3356 | D:4      | 3356 ||| IDENTIFYING ruby potion
  3357 | D:4      | 3357 ||| READING 2 scrolls of identify.
  3357 | D:4      | 3357 ||| IDENTIFYING golden potion
  3358 | D:4      | 3358 ||| DROPPING potion of invisibility.
  3359 | D:4      | 3359 ||| DROPPING 2 potions of attraction.
  3366 | D:5      | Entered Level 5 of the Dungeon
  3375 | D:5      | Noticed an ice beast
  3375 | D:5      | Noticed an ice beast
  3376 | D:5      | 3376 ||| RETREATING.
  3377 | D:5      | 3377 ||| Stepping ~*~*~tactically~*~*~ (retreating).
  3378 | D:5      | 3378 ||| Stepping ~*~*~tactically~*~*~ (retreating).
  3379 | D:5      | 3379 ||| Stepping ~*~*~tactically~*~*~ (retreating).
  3381 | D:5      | 3381 ||| Stepping ~*~*~tactically~*~*~ (retreating).
  3382 | D:5      | HP: 9/38 [ice beast (14)]
  3383 | D:5      | Slain by an ice beast

Levels and vault maps discovered:
D:1:      dpeg_arrival_boxorama, layout_basic, serial_rivers,
          chequers_serial_rivers_marsh, chequers_serial_rivers_small_a,
          chequers_serial_rivers_room_b, chequers_serial_rivers_room_a,
          chequers_serial_rivers_micro_d, chequers_hall_statues_y
D:2:      layout_basic, basic_ecumenical_altar, kennysheep_potato
D:3:      layout_basic, serial_shops, shop
D:4:      layout_loops_corners, mainiacjoe_overflow_concentric_impassable,
          grunt_dithmenos_smoke_and_mirrors
D:5:      layout_cave_pods, hangedman_abyss_or_decor_stagger,
          nrook_loot_triangle, nicolae_grassy_gnolls, uniq_menkaure

Skill      XL: |  1  2  3  4  5  6 |
---------------+-------------------+-----
Ranged Weapons | 5 6 |  6.1
Fighting       | 3 4 |  4.0
Armour         | 2 |  2.1
Dodging        | 2 |  2.0
Stealth        | |  1.1

Action                     |  1- 3 |  4- 6 || total
---------------------------+-------+-------++-------
   Fire: Shortbow          |   136 |   138 ||   274
    Use: Scroll            |     6 |     6 ||    12
         Potion            |       |     1 ||     1
 Armour: Leather armour    |    14 |    10 ||    24
         Ring mail         |       |    16 ||    16
  Dodge: Dodged            |    41 |    46 ||    87

Table legend:
 A = Non-vault XP
 B = Vault XP
 C = Vault XP percentage of total XP
 D = Non-vault monster count
 E = Vault monster count
 F = Vault count percentage of total count
                 A         B        C        D         E       F
            +---------+---------+-------+---------+---------+-------
      Total |     413 |       3 |   0.7 |      73 |       2 |   2.7
            +---------+---------+-------+---------+---------+-------
        D:1 |      32 |       0 |   0.0 |      17 |       0 |   0.0
        D:2 |      40 |       3 |   7.0 |      15 |       2 |  11.8
        D:3 |      45 |       0 |   0.0 |      20 |       0 |   0.0
        D:4 |     296 |       0 |   0.0 |      21 |       0 |   0.0
            +---------+---------+-------+---------+---------+-------
